 Dungeon Crawl Stone Soup version 0.30-a0-469-g84de5afbc5 (webtiles) character file.

Game seed: 15987277565086503762

1216 Raultor the Changer (level 8, -3/64 HPs)
             Began as an Octopode Transmuter on Dec 15, 2022.
             Was an Initiate of the Shining One.
             Slain by ma3's ghost (6 damage)
             ... on level 6 of the Dungeon on Dec 19, 2022.
             The game lasted 00:14:39 (5286 turns).

Raultor the Changer (Octopode Transmuter)           Turns: 5286, Time: 00:14:40

Health: -3/64      AC:  8    Str:  9    XL:     8   Next: 46%
Magic:  9/11       EV: 10    Int: 24    God:    the Shining One [......]
Gold:   175        SH:  0    Dex: 12    Spells: 4/11 levels left

rFire   x . .      SeeInvis .      - Unarmed
rCold   + + +      Faith    +    (shield currently unavailable)
rNeg    . . .      Spirit   .    (helmet currently unavailable)
rPois   +          Reflect  .    c - amulet of faith {!P}
rElec   .          Harm     .    P - ring of poison resistance
rCorr   .          Rampage  .    I - +6 ring of intelligence
Will    .....                    (no ring)
Stlth   +.........               (no ring)
HPRegen 0.30/turn                (no ring)
MPRegen 0.12/turn                (no ring)
                                 (no ring)
                                 (no ring)

@: ice-form, slowed, glowing, very slow
A: freezing attack, boosted hp, almost no armour, amphibious, 8 rings, large,
(camouflage 1), (gelatinous body 1), (nimble swimmer 1), (tentacles)
a: End Transformation, Renounce Religion


You were on level 6 of the Dungeon.
You worshipped the Shining One.
The Shining One was noncommittal.
You were a creature of crystalline ice.
You visited 2 branches of the dungeon, and saw 7 of its levels.

You collected 285 gold pieces.
You spent 110 gold pieces at shops.


Innate Abilities, Weirdness & Mutations

You are a creature of crystalline ice.
You have a powerful freezing melee attack.
Your maximum health is increased.
Your armour is entirely melded.
You are incapable of wielding weapons or throwing items.
You cannot wear most types of armour.
You are amphibious.
You can wear up to eight rings at the same time.
((Your skin changes colour to match your surroundings (Stealth+).))
((Your rubbery body absorbs attacks. (AC +1, EV +1)))
((You are camouflaged when in or above water. (Stealth+)))
((You have tentacles for arms and can constrict up to eight enemies at once.))


   Skills:
 + Level 4.0 Fighting
 - Level 2.0 Dodging
 + Level 5.0 Unarmed Combat
 - Level 2.0 Spellcasting
 * Level 6.0 Transmutations
 * Level 5.4 Ice Magic


You had 4 spell levels left.
You knew the following spells:

 Your Spells              Type           Power      Damage    Failure   Level
b - Beastly Appendage     Tmut           62%        N/A       1%          1
c - Ice Form              Ice/Tmut       30%        N/A       11%         4
w - Wereblood             Tmut           31%        N/A       1%          2

Your spell library contained the following spells:

 Spells                   Type           Power      Damage    Failure   Level
 Spider Form              Tmut/Pois      16%        N/A       11%         3
 Apportation              Tloc           4%         N/A       12%         1
 Necrotise                Necr           8%         1d4       12%         1
 Shock                    Conj/Air       8%         1d3       12%         1
 Summon Small Mammal      Summ           8%         N/A       12%         1
 Swiftness                Air            2%         N/A       34%         3
 Airstrike                Air            1%         2d(1-17)  75%         4

Inventory:

Armour
 o - a +2 hat (melded)
Jewellery
 b - an amulet of magic regeneration
 c - an amulet of faith (around neck) {!P}
 I - a +6 ring of intelligence (right front paw)
 P - a ring of poison resistance (left front paw)
Wands
 r - a wand of polymorph (12)
Scrolls
 e - a scroll of summoning {unknown}
 h - 2 scrolls of poison {unknown}
 i - a scroll of blinking {unknown}
 j - a scroll of teleportation {unknown}
 k - 3 scrolls of enchant weapon {unknown}
 l - a scroll of amnesia
 p - 2 scrolls of enchant armour {unknown}
 q - a scroll of fear
 s - a scroll of magic mapping {unknown}
 w - a scroll of identify {@r1}
Potions
 a - 2 potions of lignification
 d - 2 potions of curing {@q1}
 f - a potion of berserk rage {!q}
 g - a potion of degeneration
 m - a potion of mutation
 n - 2 potions of heal wounds {@q2}
 t - 2 potions of haste {@q3}
 u - a potion of brilliance
 v - a potion of flight
 x - 2 potions of resistance

Dungeon Overview and Level Annotations

Branches:
Dungeon (6/15)             Temple (1/1) D:6

Altars:
Cheibriados
Dithmenos
Elyvilon
Gozag
Hepliaklqana
Nemelex Xobeh
Okawaru
Trog
Uskayaw
Vehumet
Wu Jian
Zin
The Shining One

Shops:
D:1 [   D:5 *

Annotations:
D:6 ma3's ghost, novice DjHW

.#.....## .#.##...#####
.#..........#
[......)..▒▒▒▒▒▒▒###
#.....##..▒.....▒..#
#.....###.▒(...(▒..#
......# ##▒..8..'..## .
.#..#####.▒(....5...# .
##.## ##..▒...(WY...# .#
#.# #...▒.(...▒...###.#
##.####...▒.(..(▒.......#
.....##<..▒▒▒▒▒▒▒.......#
.....###.....#.##.......#
....♣..........##.......#
.....♣.........####..##.#
..............##▒▒▒'▒▒▒.#
......♣.......##▒.....▒.#


You could see ma3's ghost and a shadow imp (summoned).


Message History

Ma3's ghost is severely damaged.
Ma3's ghost hits you.
You are electrocuted!
* * * LOW HITPOINT WARNING * * *
The shadow imp hits you but does no damage.
Ma3's ghost hits you but does no damage.
You are electrocuted!
* * * LOW HITPOINT WARNING * * *
You hit ma3's ghost. You freeze ma3's ghost.
Ma3's ghost is severely damaged.
The shadow imp hits you.
* * * LOW HITPOINT WARNING * * *
Ma3's ghost completely misses you.
Unknown command.
You barely miss ma3's ghost.
Ma3's ghost is severely damaged.
The shadow imp hits you.
* * * LOW HITPOINT WARNING * * *
Ma3's ghost hits you but does no damage.
The shadow imp closely misses you.
You miss ma3's ghost.
Ma3's ghost is severely damaged.
Ma3's ghost hits you.
* * * LOW HITPOINT WARNING * * *
The shadow imp closely misses you. Ma3's ghost hits you!
* * * LOW HITPOINT WARNING * * *
You hit ma3's ghost. You freeze ma3's ghost.
Ma3's ghost is severely damaged.
The shadow imp barely misses you. Ma3's ghost hits you.
You die...

Skill      XL: |  1  2  3  4  5  6  7  8 |
---------------+-------------------------+-----
Ice Magic      | 1 2 3 4 5 |  5.4
Transmutations | 3 4 5 6 |  6.0
Fighting       | 2 3 4 |  4.0
Unarmed Combat | 4 5 |  5.0
Dodging        | |  2.0
Spellcasting   | |  2.0

Action                   |  1- 3 |  4- 6 |  7- 9 || total
-------------------------+-------+-------+-------++-------
Melee: Unarmed           |    85 |   134 |   127 ||   346
       Kick              |    19 |    26 |     3 ||    48
       Constrict         |    27 |    35 |     7 ||    69
       Tentacles         |    20 |    29 |     8 ||    57
       Punch             |     3 |     6 |     2 ||    11
 Cast: Beastly Appendage |     8 |    11 |     2 ||    21
       Wereblood         |     2 |     3 |     3 ||     8
       Ice Form          |       |     2 |    13 ||    15
  Use: Scroll            |       |       |    11 ||    11
       Potion            |       |       |     1 ||     1
 Stab: Sleeping          |     1 |     6 |     1 ||     8
Armor: Skin              |     6 |    15 |    54 ||    75
Dodge: Dodged            |    64 |    73 |    91 ||   228

Levels and vault maps discovered:
D:1:      eino_arrival_cavern_b, layout_rooms, serial_shops,
          nicolae_shop_hallway_plus, shapermc_ecumenical_altar_pompeii
D:2:      layout_basic
D:3:      layout_rooms, nicolae_hepliaklqana_hazy_memory
D:4:      layout_basic, marbit_many_paths
D:5:      layout_rooms, mainiacjoe_overflow_tiny_flanked,
          eat_drink_and_be_merry_uskayaw, serial_shops,
          nicolae_shop_overgrown_old_shop, roderic_serpentine_path
D:6:      layout_rooms, mainiacjoe_overflow_small_starburst,
          lemuel_doored_altar, lemuel_tele_altar, minmay_temple_entry_hall,
          ebering_ghost_rock_garden, serial_demonic, serial_demonic_a,
          serial_demonic_c, serial_demonic_c, serial_demonic_c, minmay_puff
Temple:   chequers_temple_sunken

Notes
Turn   | Place    | Note
-------+----------+-------------------------------------------
     0 | D:1      | Raultor the Octopode Transmuter began the quest for the
                  | Orb.
     0 | D:1      | Reached XP level 1. HP: 13/13 MP: 3/3
    54 | D:1      | Found Yxuogy's Antique Armour Boutique.
   147 | D:1      | Reached XP level 2. HP: 18/18 MP: 3/5
   157 | D:1      | Learned a level 2 spell: Wereblood
   200 | D:1      | Reached skill level 1 in Ice Magic
   206 | D:1      | Reached XP level 3. HP: 20/23 MP: 3/6
   544 | D:1      | Found a faded altar of an unknown god.
   895 | D:2      | Upgraded the game from 0.30-a0-459-g9104f0fc43 to
                  | 0.30-a0-469-g84de5afbc5
   915 | D:2      | Reached XP level 4. HP: 28/28 MP: 7/7
   925 | D:2      | Learned a level 4 spell: Ice Form
  1083 | D:2      | Reached skill level 3 in Transmutations
  1107 | D:2      | Reached skill level 2 in Ice Magic
  1733 | D:3      | Reached skill level 2 in Fighting
  1784 | D:3      | Reached XP level 5. HP: 33/34 MP: 8/8
  1996 | D:3      | Found a hazy altar of Hepliaklqana.
  2362 | D:4      | Reached skill level 3 in Ice Magic
  2430 | D:4      | Reached XP level 6. HP: 41/41 MP: 4/9
  2441 | D:4      | Reached skill level 4 in Transmutations
  2652 | D:4      | Found a shadowy altar of Dithmenos.
  2818 | D:4      | Reached skill level 4 in Unarmed Combat
  3014 | D:4      | Noticed a black bear
  3024 | D:4      | Killed a black bear
  3025 | D:4      | Reached XP level 7. HP: 45/45 MP: 5/10
  3247 | D:5      | Entered Level 5 of the Dungeon
  3251 | D:5      | Identified the +0 robe of Egalitarianism {rC+++ Regen+
                  | Int-5 Dex+3}
  3470 | D:5      | Reached skill level 3 in Fighting
  3470 | D:5      | Reached skill level 4 in Ice Magic
  3624 | D:5      | Found a hide-covered altar of Uskayaw.
  3839 | D:5      | Reached skill level 5 in Transmutations
  4006 | D:5      | Found a snail-covered altar of Cheibriados.
  4020 | D:5      | Reached XP level 8. HP: 52/52 MP: 6/11
  4261 | D:5      | Found Plog's Assorted Antiques.
  4273 | D:5      | Bought a scroll of identify for 44 gold pieces
  4273 | D:5      | Bought a scroll labelled NIRCHEIHOCA for 22 gold pieces
  4273 | D:5      | Bought a scroll of identify for 44 gold pieces
  4273 | D:5      | Identified a potion of resistance
  4383 | D:6      | Found a radiant altar of Vehumet.
  4689 | D:6      | Found a sparkling altar of Nemelex Xobeh.
  4885 | D:6      | Reached skill level 5 in Ice Magic
  5036 | D:6      | Reached skill level 5 in Unarmed Combat
  5048 | D:6      | Found a staircase to the Ecumenical Temple.
  5081 | D:6      | Reached skill level 6 in Transmutations
  5082 | D:6      | Reached skill level 4 in Fighting
  5089 | Temple   | Entered the Ecumenical Temple
  5147 | Temple   | Became a worshipper of the Shining One
  5193 | D:6      | Found an iron altar of Okawaru.
  5261 | D:6      | Found a runed translucent gate.
  5261 | D:6      | Noticed ma3's ghost (novice DjHW)
  5262 | D:6      | Found a runed translucent gate.
  5263 | D:6      | Found a runed translucent gate.
  5285 | D:6      | HP: 3/64 [ma3's ghost (9)]
  5286 | D:6      | Slain by ma3's ghost

Vanquished Creatures
  An ice beast (D:6)
  An orc warrior (D:6)
  2 black bears
  An ogre (D:5)
  A phantom (D:5)
  2 scorpions
  A quasit (D:6)
  A hound (D:5)
  5 orc priests
  5 iguanas
  An orc wizard (D:6)
  A gnoll (D:1)
  5 adders
  A shadow imp (D:5)
  2 ufetubi (D:5)
  3 worms (D:2)
  A dart slug (D:4)
  26 orcs
  8 ball pythons
  4 bats
  6 endoplasms
  5 giant cockroaches
  13 goblins
  6 hobgoblins
  11 jackals (D:1)
  4 quokkas
  5 kobolds
  7 rats
129 creatures vanquished.

Vanquished Creatures (others)
  6 demonic plants (D:6)
6 creatures vanquished.

Grand Total: 135 creatures vanquished

Table legend: (Time is in decaauts)
 A = Elapsed time spent in this place.
 B = Non-inter-level travel time spent in this place.
 C = Inter-level travel time spent in this place.
 D = Time resting spent in this place.
 E = Time spent auto-exploring this place.
 F = Levels seen in this place.
 G = Mean time per level.
                   A        B        C        D        E       F      G
               +--------+--------+--------+--------+--------+-----+--------+
         Total |   5261 |   5095 |    166 |    268 |   3705 |   7 |  751.6 |
       Dungeon |   5189 |   5036 |    153 |    268 |   3657 |   6 |  864.8 |
        Temple |     72 |     59 |     13 |      0 |     48 |   1 |   72.0 |
               +--------+--------+--------+--------+--------+-----+--------+

Top non-repeatable levels by time:
     D:5: 1185 daAuts
     D:4: 1077 daAuts
     D:2: 900 daAuts
     D:1: 771 daAuts
     D:6: 644 daAuts
     D:3: 609 daAuts
  Temple: 72 daAuts

Table legend:
 A = Non-vault XP
 B = Vault XP
 C = Vault XP percentage of total XP
 D = Non-vault monster count
 E = Vault monster count
 F = Vault count percentage of total count
                 A         B        C        D         E       F
            +---------+---------+-------+---------+---------+-------
      Total |    1683 |      55 |   3.2 |     126 |       3 |   2.3
            +---------+---------+-------+---------+---------+-------
        D:1 |      70 |       0 |   0.0 |      32 |       0 |   0.0
        D:2 |      42 |       0 |   0.0 |      19 |       0 |   0.0
        D:3 |     155 |       0 |   0.0 |      23 |       0 |   0.0
        D:4 |     363 |       1 |   0.3 |      18 |       1 |   5.3
        D:5 |     630 |       8 |   1.3 |      17 |       1 |   5.6
        D:6 |     423 |      46 |   9.8 |      17 |       1 |   5.6
            +---------+---------+-------+---------+---------+-------
